 Dungeon Crawl Stone Soup version 0.29.0-15-g675c0067aa (webtiles) character file.

Game seed: 8361235081716567357

11 qw the Sneak (level 2, -1/19 HPs)
             Began as a Gargoyle Delver on Sept 11, 2022.
             Slain by a scorpion (4 damage)
             ... on level 4 of the Dungeon.
             The game lasted 00:00:04 (207 turns).

qw the Sneak (Gargoyle Delver)                       Turns: 207, Time: 00:00:04

Health: -1/19      AC:  5    Str: 15    XL:     2   Next: 29%
Magic:  2/2        EV: 11    Int: 10    God:
Gold:   0          SH:  0    Dex: 11    Spells: 1/1 levels left

rFire   . . .      SeeInvis .   a - +0 hand axe
rCold   . . .      Faith    .   (no shield)
rNeg    + . .      Spirit   .   b - +0 leather armour
rPois   inf        Reflect  .   (no helmet)
rElec   +          Harm     .   (no cloak)
rCorr   .          Rampage  .   (no gloves)
Will    .....                   (no boots)
Stlth   +++.......              (no amulet)
HPRegen 0.06/turn               (no ring)
MPRegen 0.08/turn               (no ring)

@: no status effects
A: sickness immunity, AC +2, negative energy resistance 1, electricity
resistance, torment resistance 1, petrification resistance
a: no special abilities


You were on level 4 of the Dungeon.
You visited 1 branch of the dungeon, and saw 2 of its levels.


Innate Abilities, Weirdness & Mutations

You are immune to sickness and miasma.
Your stone body is resilient. (AC +2)
You are immune to poison.
You resist negative energy. (rN+)
You are resistant to electric shocks. (rElec)
You are resistant to unholy torment.
You are immune to petrification.


   Skills:
 - Level 3.2 Fighting
 + Level 2.6 Axes
 - Level 1.5 Dodging
 - Level 5.4 Stealth


You had one spell level left.
You didn't know any spells.
Your spell library was empty.

Inventory:

Hand Weapons
 a - a +0 hand axe (weapon)
 c - a +0 club
Armour
 b - a +0 leather armour (worn)
Wands
 g - a wand of digging (3)
Potions
 f - 3 potions of haste

Dungeon Overview and Level Annotations

Branches:
Dungeon (5/15)             Temple (0/1) D:5

Altars:


Message History

Found a stone staircase leading down.
Found a stone staircase leading up.
(D) Dungeon (T) Temple
Where to? (* - list waypoints, Enter - D:4, ? - help)
What level of the Dungeon? (default 1, ? - help)
200 ||| FLEEEEING.
An orc wizard comes into view. It is wielding a +0 dagger.
You catch the helpless orc completely off-guard!
You hit the orc but do no damage. The orc hits you with a +0 dagger.
A scorpion comes into view.
The orc wizard shouts!
You hit the orc but do no damage.
You hear a shout! x3
The orc hits you but does no damage.
You barely miss the orc. The orc hits you with a +0 dagger.
The orc wizard points at you and mumbles some strange words.
The puff of flame hits you. The orc barely misses you.
You hit the orc.
The orc is heavily wounded.
The orc hits you with a +0 dagger.
You hit the orc. You punch the orc.
The orc is almost dead.
You hit the scorpion but do no damage. You barely miss the orc wizard.
The scorpion barely misses you. The orc hits you but does no damage.
The orc wizard misses you.
A kobold comes into view.
It is wielding a +1 short sword of protection.
The scorpion stings you.
You hit the orc.
You kill the orc!
You hit the scorpion. You hit the orc. You closely miss the orc wizard.
The scorpion misses you. The orc hits you but does no damage.
The orc wizard misses you.
An orc comes into view. It is wielding a +0 club.
You closely miss the orc.
The orc is heavily wounded.
You barely miss the scorpion. You barely miss the orc wizard.
The scorpion stings you.
You die...

########## #.
#.......[. #..
#.######## #.# #.#
#<. #.# #.# #.# #.#
#.#
#s########.########
#.@)...............
#oo#######.########
#..........#
#.o.K#########
#>.... ....#####
###. #. #


You could see a scorpion, an orc wizard, 2 orcs and a kobold.

Vanquished Creatures
  An adder (D:4)
  An orc (D:4)
2 creatures vanquished.

Notes
Turn   | Place    | Note
-------+----------+-------------------------------------------
     0 | D:5      | qw the Gargoyle Delver began the quest for the Orb.
     0 | D:5      | Reached XP level 1. HP: 14/14 MP: 1/1
     0 | D:5      | 0 ||| qw: Version: 0.1-a-118-gb4e7ce6
     0 | D:5      | 0 ||| qw: Game counter: 10316
     0 | D:5      | 0 ||| qw: Always use a shield: true
     0 | D:5      | 0 ||| qw: God list: Okawaru
     0 | D:5      | 0 ||| qw: Allow faded altars: false
     0 | D:5      | 0 ||| qw: Do Orc after D:15 true
     0 | D:5      | 0 ||| qw: Do second Lair branch before Depths: true
     0 | D:5      | 0 ||| qw: Lair rune preference: random
     0 | D:5      | 0 ||| qw: Plans: Normal
     0 | D:5      | 0 ||| PLANNING D:1-11
     4 | D:5      | 4 ||| DROPPING scroll of fog.
     5 | D:5      | 5 ||| DROPPING scroll of magic mapping.
     6 | D:5      | 6 ||| DROPPING scroll of fear.
     8 | D:5      | Found a staircase to the Ecumenical Temple.
    47 | D:4      | Reached XP level 2. HP: 13/19 MP: 2/2
   200 | D:4      | 200 ||| FLEEEEING.
   201 | D:4      | Noticed a scorpion
   205 | D:4      | HP: 3/19 [scorpion (4)]
   207 | D:4      | Slain by a scorpion

Levels and vault maps discovered:
D:4:      layout_basic, mainiacjoe_overflow_alcove_2, uniq_eustachio, uniq_ijyb,
          uniq_menkaure, uniq_edmund, uniq_sigmund
D:5:      layout_basic, minmay_temple_entry_arrows

Skill      XL: |  1 |
---------------+----+-----
Axes           | 2 |  2.6
Fighting       | |  3.2
Dodging        | |  1.5
Stealth        | |  5.4

Action                   || total
-------------------------++-------
Melee: Hand axe          ||    14
       Punch             ||     1
 Stab: Distracted        ||     1
Armor: Leather armour    ||     5
Dodge: Dodged            ||    10

Table legend:
 A = Non-vault XP
 B = Vault XP
 C = Vault XP percentage of total XP
 D = Non-vault monster count
 E = Vault monster count
 F = Vault count percentage of total count
                 A         B        C        D         E       F
            +---------+---------+-------+---------+---------+-------
      Total |      17 |       0 |   0.0 |       2 |       0 |   0.0
            +---------+---------+-------+---------+---------+-------
        D:4 |      17 |       0 |   0.0 |       2 |       0 |   0.0
            +---------+---------+-------+---------+---------+-------
